 Dungeon Crawl Stone Soup version 0.28.0-43-g3370ac3207 (webtiles) character file.

Game seed: 12229741719940572110

124 tizbic2 the Gusty (level 5, -1/35 HPs)
             Began as a Human Air Elementalist on Mar 5, 2022.
             Killed from afar by Natasha (3 damage)
             ... with a magic dart
             ... on level 3 of the Dungeon.
             The game lasted 00:12:31 (2830 turns).

tizbic2 the Gusty (Human Air Elementalist)          Turns: 2830, Time: 00:12:31

Health: -1/35      AC:  6    Str: 17    XL:     5   Next: 30%
Magic:  6/9        EV: 11    Int: 15    God:
Gold:   91         SH:  0    Dex: 13    Spells: 3/10 levels left

rFire   . . .      SeeInvis .   n - +0 dagger
rCold   . . .      Faith    .   (no shield)
rNeg    . . .      Spirit   .   p - +0 ring mail
rPois   .          Reflect  .   (no helmet)
rElec   .          Harm     .   j - +0 cloak
rCorr   .          Rampage  .   (no gloves)
Will    .....                   (no boots)
Stlth   +.........              (no amulet)
HPRegen 0.11/turn               k - ring of wizardry
MPRegen 0.11/turn               m - +6 ring of strength

@: slowed, very slow
A: no striking features
a: no special abilities


You were on level 3 of the Dungeon.
You visited 1 branch of the dungeon, and saw 3 of its levels.

You collected 91 gold pieces.

Inventory:

Hand Weapons
 n - a +0 dagger (weapon)
 q - a +0 mace
 w - a +0 hunting sling
Missiles
 b - 82 stones
 e - 4 datura-tipped darts
 g - 24 bolts
 o - 15 sling bullets
Armour
 j - a +0 cloak (worn)
 p - a +0 ring mail (worn)
Jewellery
 k - a ring of wizardry (left hand)
 m - a +6 ring of strength (right hand)
Scrolls
 a - a scroll of teleportation
 d - a scroll of magic mapping
 l - a scroll of vulnerability {unknown}
Potions
 c - a potion of flight {unknown}
 h - a potion of curing {unknown}
 i - a potion of mutation {unknown}


   Skills:
 - Level 2.0 Dodging
 - Level 2.0 Stealth
 * Level 3.3 Spellcasting
 + Level 2.2 Conjurations
 * Level 4.2 Air Magic


You had 3 spell levels left.
You knew the following spells:

 Your Spells              Type           Power      Damage    Failure   Level
a - Shock                 Conj/Air       48%        1d6       4%          1
b - Static Discharge      Conj/Air       12%        N/A       6%          2
c - Airstrike             Air            7%         N/A       26%         4

Your spell library contained the following spells:

 Spells                   Type           Power      Damage    Failure   Level
 Swiftness                Air            15%        N/A       8%          3


Dungeon Overview and Level Annotations

Branches:
Dungeon (3/15)

Altars:

Shops:
D:1 [

Annotations:
D:3 Natasha


Message History

You open the door.
Natasha, Servant of Life and Death comes into view.
Natasha hisses angrily.
Natasha casts a spell.
Natasha stares at you and mumbles some strange words.
You feel yourself slow down.
There is an open door here.
Natasha casts a spell at you. You resist with some effort.
You close the door.
Natasha casts a spell at you.
You feel as though you will be slow longer.
Natasha mumbles some strange words.
The crimson imp blinks!
The white imp gestures at you. The puff of frost misses you.
Natasha stares at you and mumbles some strange words.
The magic dart hits you!
Natasha casts a spell.
Natasha barely misses you.
The crimson imp blinks!
The crimson imp shouts, "Scamper hence, thou feeble weevil-witted dandiprat!"
Natasha claws you.
There is an open door here.
The crimson imp laughs crazily.
The crimson imp blinks!
Natasha casts a spell at you. The magic dart hits you.
The white imp disappears in a puff of smoke!
Natasha claws you.
Natasha howls an incantation.
You feel troubled. Natasha casts a spell at you. The magic dart hits you!
* * * LOW HITPOINT WARNING * * *
The crimson imp blinks!
The crimson imp disappears in a puff of smoke!
Natasha casts a spell at you. The magic dart hits you.
You die...

....... ##.##.#
###+### #..#.# #
##.#.# .# #
#####+#5#####.#..#.
...........<.......
...§...h.##.#.#....
..........#.#.#....
...................
.......@..†...#.#.#
#######.#.......#
#.#.#.....#
#.#.##.##.# #.#.#
.# .# #.#.# .# #
#.#.# .# #.#


You could see Natasha and a crimson imp (summoned).

Vanquished Creatures
  4 gnolls
  5 adders
  A worm (D:2)
  A dart slug (D:1)
  4 ball pythons
  6 bats
  5 endoplasms
  5 goblins
  3 hobgoblins
  2 jackals (D:1)
  A kobold (D:1)
  A frilled lizard (D:2)
  2 rats (D:2)
40 creatures vanquished.

Notes
Turn   | Place    | Note
-------+----------+-------------------------------------------
     0 | D:1      | tizbic2 the Human Air Elementalist began the quest for the
                  | Orb.
     0 | D:1      | Reached XP level 1. HP: 13/13 MP: 3/3
   262 | D:1      | Reached XP level 2. HP: 15/19 MP: 0/5
   328 | D:1      | Learned a level 2 spell: Static Discharge
   413 | D:1      | You fall into a shaft and drop 1 floor!
   844 | D:1      | Reached XP level 3. HP: 20/24 MP: 1/6
   925 | D:1      | Found Oloj's Antique Armour Shoppe.
  1348 | D:1      | HP: 1/24 [/static electricity (2)]
  1716 | D:2      | Reached XP level 4. HP: 26/30 MP: 8/8
  1721 | D:2      | Learned a level 4 spell: Airstrike
  1800 | D:2      | Found a faded altar of an unknown god.
  2332 | D:2      | Reached skill level 4 in Air Magic
  2390 | D:2      | Reached XP level 5. HP: 23/35 MP: 6/9
  2812 | D:3      | Noticed Natasha
  2830 | D:3      | Killed from afar by Natasha

Illustrated notes

Levels and vault maps discovered:
D:1:      evilmike_arrival_fibonacci_small, layout_basic, serial_shops,
          nicolae_shop_temple_entry_statues_fountains, corexii_leaking_fountain
D:2:      layout_loops_ring, hellmonk_ecumenical_altar_lost_god
D:3:      layout_basic, minmay_puff, uniq_natasha

Skill      XL: |  1  2  3  4 |
---------------+-------------+-----
Spellcasting   | 3 |  3.3
Conjurations   | 2 |  2.2
Air Magic      | 4 |  4.2
Dodging        | |  2.0
Stealth        | |  2.0

Action                   |  1- 3 |  4- 6 || total
-------------------------+-------+-------++-------
Melee: Unarmed           |    31 |       ||    31
       Dagger            |    16 |    16 ||    32
       Mace              |     7 |    12 ||    19
       Punch             |     1 |       ||     1
 Fire: Hunting sling     |       |    10 ||    10
 Cast: Shock             |    11 |     2 ||    13
       Static Discharge  |    17 |     6 ||    23
       Airstrike         |       |     3 ||     3
  Use: Scroll            |       |     2 ||     2
 Stab: Sleeping          |     4 |       ||     4
Armor: Robe              |    18 |     1 ||    19
       Ring mail         |       |     3 ||     3
Dodge: Dodged            |    55 |    24 ||    79
